Cogmind - Beta 10.2 @@@ ROGUE MODE // 2021.06.07 @ 16:53:07 Player: Finestep Result: Destroyed self via exploding Wave Collapse Detector Performance ------------- Evolutions (9) 4500 Regions Visited (23) 4600 Robots Destroyed (528) 2640 Value Destroyed (29565) 29565 Prototype IDs (64) 1280 Alien Tech Used (19) 3800 Bonus (13465) 13465 TOTAL SCORE: 59850 Bonus ------- High Alert Combat Kills 3580 Follower Combat Kills 3946 Entered Garrisons 1400 Used RIF Installer 3500 Scanned by Researcher 500 Pursued by Intercept 500 Met Sigix 2000 Friendly Fire -1961 Cogmind --------- Core Integrity 0/1850 Matter 33/300 Energy 100/100 System Corruption 0% Temperature Cool (20) Movement Core (50) Location -1/Access Parts ------- > --- POWER (2) -------- (None) > --- PROPULSION (6) --- (None) > --- UTILITY (13) ----- (None) > --- WEAPON (4) ------- (None) > --- INVENTORY (6) ---- Phase Armor Peak State ------------ > --- POWER ------------ Quantum Reactor Improved Quantum Reactor > --- PROPULSION ------- Advanced Heavy Treads Experimental Biometal Heavy Treads Enhanced Biometal Leg > --- UTILITY ---------- Experimental Cooling System Large Storage Unit Large Storage Unit Large Storage Unit High-capacity Storage Unit Advanced Targeting Computer Experimental Targeting Computer Advanced Armor Integrity Analyzer EM Dispersion Field Experimental Force Field Relay Coupler [Grunt] Matter Drive > --- WEAPON ----------- Enhanced Nova Cannon Improved KE Penetrator Improved KE Penetrator > --- INVENTORY -------- Light Particle Reactor Light Quantum Reactor Power Amplifier Experimental Cooling System Energy Well Experimental Energy Well Structural Scanner Advanced Kinecellerator Improved Weapon Shielding Phase Armor Phase Redirector Relay Coupler [Demolisher] Advanced Component Analysis Suite Transdimensional Reconstructor Matter Drive Gamma Rifle Gamma Rifle Gamma Rifle Long-range Phase Cannon Enhanced Nova Cannon Core Cannon Helical Railgun Tri-rail Accelerator Compact Tesla Bomb Launcher Compact Tesla Bomb Launcher Sigix Terminator Advanced Remote Datajack [Rating: 197] Favorites ----------- Power Reinforced Fission Core Engine Heavy Ion Engine Power Core Reinforced Fission Core Reactor Particle Reactor Propulsion Light Treads Treads Light Treads Leg Carbon-fiber Leg Wheel Armored Wheel Hover Unit Gyrokinetic Inverter Flight Unit Impulse Thruster Utility Large Storage Unit Device Advanced Cooling System Storage Large Storage Unit Processor Improved Armor Integrity Analyzer Hackware Relay Coupler [Grunt] Protection Centrium Medium Armor Plating Artifact Matter Drive Weapon HERF Cannon Energy Gun Heavy EM Shotgun Energy Cannon HERF Cannon Ballistic Gun Improved Assault Rifle Ballistic Cannon Hypervelocity Gauss Cannon Launcher Compact Tesla Bomb Launcher Special Weapon Advanced Remote Datajack Impact Weapon Core Stripper Slashing Weapon Scythe Piercing Weapon Lance Special Melee Weapon Advanced Datajack Build | -11 -10 -10 -9 -9 -9 -8 -8 -7 -7 -7 -7 -6 -6 -5 -5 -4 -4 -3 -3 -2 -2 -2 -1 ------- Run | Scr Mat Min Mat Sto Gar Mat Gar Fac Was Fac Gar Fac Gar Fac Gar Fac Gar Res Gar Res Qua Sec Acc Slots Evolved 18 | . . . 2 . . 2 . 2 . . . 2 . 2 . 2 . 2 . 2 . . 2 Power 1 | . . . . . . . . . . . . . . 1 . . . . . . . . . Propulsion 4 | . . . . . . 1 . 1 . . . . . . . . . . . 1 . . 1 Utility 11 | . . . 1 . . 1 . 1 . . . 2 . 1 . 2 . 2 . 1 . . . Weapon 2 | . . . 1 . . . . . . . . . . . . . . . . . . . 1 Parts Attached 793 | 7 19 4 21 21 9 36 20 23 12 13 20 32 50 10 33 24 22 28 51 24 106 172 36 Power 50 | 1 5 1 1 1 1 . . . 2 . . 3 2 1 2 6 2 1 4 2 5 6 4 Engine 9 | 1 2 1 1 1 1 . . . . . . . 1 . 1 . . . . . . . . Core 8 | . 3 . . . . . . . . . . . . 1 1 3 . . . . . . . Reactor 33 | . . . . . . . . . 2 . . 3 1 . . 3 2 1 4 2 5 6 4 Propulsion 129 | 2 7 . 6 8 4 10 5 4 1 1 . 4 16 . 7 6 1 3 7 4 14 9 10 Treads 93 | 2 6 . 5 8 4 10 3 2 1 . . 3 11 . 3 4 1 2 5 2 12 7 2 Leg 10 | . 1 . . . . . . . . . . . 4 . 4 . . . . . . 1 . Wheel 22 | . . . . . . . 2 2 . 1 . 1 1 . . 2 . 1 2 2 2 . 6 Hover 1 | . . . . . . . . . . . . . . . . . . . . . . . 1 Flight 3 | . . . 1 . . . . . . . . . . . . . . . . . . 1 1 Utility 271 | 2 2 . 3 . . 10 1 9 2 6 10 10 10 5 9 10 10 12 24 7 48 71 10 Device 121 | . . . . . . 4 1 2 . 1 3 5 4 1 4 3 2 5 8 1 26 47 4 Storage 30 | 2 2 . 1 . . 4 . 1 . . . . 1 . . 1 . 2 2 . 9 1 4 Processor 9 | . . . . . . . . . . . . 1 1 . . 1 . . 1 . . 5 . Hackware 49 | . . . . . . . . 3 1 2 5 2 1 4 4 3 7 2 4 4 2 5 . Protection 55 | . . . 2 . . 2 . 3 1 3 2 2 3 . 1 2 1 3 9 2 10 7 2 Artifact 7 | . . . . . . . . . . . . . . . . . . . . . 1 6 . Weapon 343 | 2 5 3 11 12 4 16 14 10 7 6 10 15 22 4 15 2 9 12 16 11 39 86 12 Energy Gun 28 | . 2 . . 2 . 2 4 . . . . . . . . 1 3 2 . . . 10 2 Energy Cannon 104 | . 1 . 3 5 1 6 . . . . . 1 3 . 4 . . 5 7 6 21 36 5 Ballistic Gun 53 | 2 2 3 3 . . . . 4 3 3 5 5 6 . . . . . . . . 16 1 Ballistic Cannon 50 | . . . 3 4 2 5 4 2 . . . 2 8 3 6 . . 1 3 3 2 2 . Launcher 37 | . . . 2 1 1 2 3 . . 1 . 1 3 . 1 . 2 . 3 . 3 10 4 Special Weapon 53 | . . . . . . . 1 3 3 2 4 5 1 1 4 1 4 4 3 2 4 11 . Impact Weapon 1 | . . . . . . . . . . . . . . . . . . . . . 1 . . Slashing Weapon 9 | . . . . . . 1 2 1 1 . 1 1 1 . . . . . . . 1 . . Piercing Weapon 3 | . . . . . . . . . . . . . . . . . . . . . 3 . . Special Melee Weapon 5 | . . . . . . . . . . . . . . . . . . . . . 4 1 . Unidentified Prototypes 55 | . . . 1 5 . 1 . . . . . 1 . . . 3 . 2 1 2 24 14 1 Parts Lost 123 | . 8 3 2 2 5 2 1 1 . . . 7 17 . 10 1 4 2 6 1 13 23 15 Power 19 | . 3 1 . . 1 . . . . . . 1 1 . 1 1 . . 1 . 3 3 3 Propulsion 40 | . 1 . . 1 2 1 1 . . . . 2 7 . 7 . 1 . . . 4 6 7 Utility 30 | . . . 1 . . . . . . . . 2 4 . 1 . 1 2 3 1 3 9 3 Weapon 34 | . 4 2 1 1 2 1 . 1 . . . 2 5 . 1 . 2 . 2 . 3 5 2 Highest Loss Streak 12 | . 5 2 1 2 5 1 1 1 . . . 6 8 . 2 1 4 1 3 1 11 4 12 Average Slot Usage (%) 89 | . 98 99 99 99 98 99 99 99 94 92 91 88 88 97 85 84 82 85 88 90 87 81 76 Engine 2 | . 7 4 10 11 10 9 9 7 2 . . . 2 . . 1 . . . . . . . Core 1 | . 6 8 . . . . . . . . . . . 3 6 5 6 4 2 . . . . Reactor 3 | . . . . . . . . . 4 7 7 5 3 5 1 2 3 4 5 7 6 6 6 Treads 13 | . 27 28 21 21 21 26 17 15 9 7 7 10 11 23 9 12 11 9 8 4 13 9 2 Wheel 2 | . . . . . . . 9 15 15 15 15 8 . . . 2 . . 3 11 . . 10 Device 7 | . . . . . . 6 7 4 . 1 2 5 6 8 2 4 5 13 12 7 11 13 9 Storage 20 | . 28 28 26 33 33 27 27 23 23 23 23 20 20 17 17 15 15 14 15 17 17 17 14 Processor 2 | . . . . . . . . . . . . 2 9 10 5 5 5 2 3 4 . 4 11 Hackware 8 | . . . . . . . . 3 6 7 4 9 2 8 11 10 12 14 10 17 15 10 3 Protection 4 | . . . 6 . . 2 1 5 7 5 6 4 2 . 3 5 4 6 8 3 6 4 3 Energy Gun 1 | . 6 4 . . . 5 15 5 . . . . . . . . 8 2 . . . 1 . Energy Cannon 5 | . 2 . 3 21 10 10 . . . . . . 2 1 3 . . 7 4 6 10 3 4 Ballistic Gun 3 | . 18 23 15 . . . . 8 13 21 19 16 4 . . . . . . . . 2 . Ballistic Cannon 4 | . . . 13 11 21 10 9 6 . . . . 10 13 8 10 1 . 3 1 . 1 3 Special Weapon 1 | . . . . . . . . 1 7 . 2 1 . . 2 4 4 3 3 3 . 1 . Naked Turns 20 | . . . . . . . . . . . . . . . . . . . . . . . 20 Heaviest Build 202 | 14 56 57 81 84 84 87 87 93 98 100 101 101 132 124 130 179 164 163 194 191 190 190 202 Greatest Support 210 | 40 40 40 40 40 40 62 62 24 24 24 70 110 110 80 80 126 145 150 145 36 210 210 105 Greatest Overweight (x) 27 | 1 2 1 3 3 4 2 7 3 4 4 4 8 6 1 27 7 1 1 8 7 8 1 15 Average Overweight (x) 1 | . . 1 1 1 2 1 5 3 3 3 3 2 2 1 2 2 . . 3 4 . . 2 Largest Inventory Capacity 36 | 8 18 18 24 24 24 24 24 24 24 24 24 24 24 24 24 24 24 26 32 32 32 32 36 Average Capacity 25 | 7 15 18 20 24 24 24 24 24 24 24 24 24 24 24 24 24 24 25 28 32 29 30 31 Most Carried 32 | 6 15 18 24 24 22 24 24 24 24 24 24 24 24 24 24 24 24 26 32 32 32 32 32 Average Carried 24 | 3 11 14 19 23 20 23 23 23 23 23 23 22 20 23 23 23 23 24 27 31 28 29 26 Final Capacity 32 | 8 18 18 24 24 24 24 24 24 24 24 24 24 24 24 24 24 24 26 32 32 30 32 6 Final Carried 32 | 6 12 18 24 22 20 24 24 24 24 24 23 24 24 24 24 24 24 26 32 32 30 29 2 Class Distribution -------------------- 37% | Botlord-Mutant 12% | Bothacker-Mutant 11% | Hauler-Gunner 6% | Mutant 6% | Botlord-Tank 6% | Bothacker-Gunner 4% | Hauler-Tank 4% | Bothacker-Tank 3% | Scavenger-Mutant Dominant Class ---------------- Mutant | -10/Materials Mutant | -10/Mines Scavenger-Tank | -9/Materials Hauler-Gunner | -9/Storage Hauler-Gunner | -9/Garrison Hauler-Gunner | -8/Materials Bothacker-Gunner | -8/Garrison Bothacker-Tank | -7/Factory Bothacker-Mutant | -7/Waste Hauler-Tank | -7/Factory Hauler-Tank | -7/Garrison Bothacker-Tank | -6/Factory Bothacker-Gunner | -6/Garrison Bothacker-Mutant | -5/Factory Bothacker-Mutant | -5/Garrison Botlord-Mutant | -4/Factory Botlord-Mutant | -4/Garrison Botlord-Mutant | -3/Research Botlord-Mutant | -3/Garrison Botlord-Mutant | -2/Research Botlord-Mutant | -2/Quarantine Botlord-Mutant | -2/Section 7 Scavenger-Mutant | -1/Access Resources | -11 -10 -10 -9 -9 -9 -8 -8 -7 -7 -7 -7 -6 -6 -5 -5 -4 -4 -3 -3 -2 -2 -2 -1 ----------- Run | Scr Mat Min Mat Sto Gar Mat Gar Fac Was Fac Gar Fac Gar Fac Gar Fac Gar Res Gar Res Qua Sec Acc Matter Collected 18469 | 221 572 237 588 500 152 898 404 851 219 220 516 538 1085 150 1235 1357 601 416 1173 511 1733 4002 290 Remotely 1462 | . . . . . . . . . . . 133 10 126 . . . . . 287 . 373 533 . Salvage Created 29007 | 100 970 371 580 1535 157 2067 1311 760 106 297 385 788 1147 97 726 1501 1321 504 2455 1172 1594 7894 1169 Parts 1258 | 8 54 24 47 80 15 105 63 37 3 17 17 25 39 8 19 48 40 19 77 42 59 356 56 Haulers Intercepted 23 | . 2 . 3 6 . 5 . 1 . . . . . . . 3 . . . . . 2 1 Recyclers Shooed 17 | . 1 . 1 2 . 3 . . . . . . . . . 2 . 2 . 1 1 . 4 Parts Field Recycled . | . . . . . . . . . . . . . . . . . . . . . . . . Retrieved Matter . | . . . . . . . . . . . . . . . . . . . . . . . . Parts Self-Destructed . | . . . . . . . . . . . . . . . . . . . . . . . . Prevented . | . . . . . . . . . . . . . . . . . . . . . . . . Kills | -11 -10 -10 -9 -9 -9 -8 -8 -7 -7 -7 -7 -6 -6 -5 -5 -4 -4 -3 -3 -2 -2 -2 -1 ------- Run | Scr Mat Min Mat Sto Gar Mat Gar Fac Was Fac Gar Fac Gar Fac Gar Fac Gar Res Gar Res Qua Sec Acc Combat Hostiles Destroyed 406 | . 12 7 18 23 11 27 22 12 . 8 7 12 25 6 16 11 14 6 26 13 22 95 13 Melee 3 | . . . . . . 1 . . . . . . . . . . . . . . 2 . . Guns 74 | . 8 7 6 . . 4 4 5 . 2 7 8 2 . . . 4 . . . . 17 . Cannons 177 | . 4 . 7 20 5 16 7 7 . . . 2 13 6 11 11 4 5 9 10 10 29 1 AOE 81 | . . . 5 1 6 5 11 . . 6 . 2 7 . 2 . 2 1 7 . 1 16 9 Classes Destroyed 24 | 2 5 2 . 2 . 1 2 1 1 . . . 2 . . . 1 . . . 1 4 . Worker 13 | . 2 . 1 . . 1 . 4 . . . . . . . 3 . . . . . 2 . Builder 21 | . . . . 4 . 3 . 1 . . . . . . . . . . . 1 . 6 6 Tunneler 5 | 2 . 1 . . . 1 . . . . . . . . . . . . . . . . 1 Hauler 23 | . 2 . 3 6 . 5 . 1 . . . . . . . 3 . . . . . 2 1 Recycler 31 | 1 4 1 1 5 . 6 . 1 . . . 1 . . . 6 . . . 1 . 1 3 Mechanic 1 | . . . . . . . . 1 . . . . . . . . . . . . . . . Operator 3 | . 1 . . . . . . 1 . . . . . . . . . . . . . . 1 Watcher 16 | . 2 . 2 2 . 5 . 1 . . . . . . . 1 . . . . . 3 . Swarmer 101 | . . 3 12 7 7 3 10 1 . 4 1 3 4 6 6 6 3 1 7 3 2 7 5 Saboteur 2 | . . . . . . . . . . . . . . . . . . . . . . 2 . Grunt 144 | . 12 2 2 5 3 14 5 5 . 4 4 7 14 . 9 2 10 . 14 4 1 23 4 Brawler 7 | . . . . . . . 2 . . . . . 1 . 1 . . 1 . 1 . 1 . Duelist 6 | . . . . . . . 2 . . . . . . . . . . 1 1 . . 2 . Protector 2 | . . . . . . . . . . . . . 1 . . . . . . . . 1 . Researcher 2 | . . . . . . . . . . . . . . . . . . . . . . 2 . Sentry 49 | . . 2 4 10 1 7 2 2 . . 2 2 3 . . . . 2 3 2 . 6 1 Specialist 4 | . . . . . . . . . . . . . 1 . . . . . . . 3 . . Hunter 26 | . . . . . . 2 1 2 . . . . . . . 1 . 1 . 1 4 14 . Programmer 45 | . . . . 1 . 1 . 2 . . . . 1 . . 3 . 1 . 3 3 27 3 Q-Series 2 | . . . . . . . . . . . . . . . . . . . . . . 2 . Behemoth 2 | . . . . . . . . . . . . . . . . . 1 . 1 . . . . Quarantine Guard 10 | . . . . . . . . . . . . . . . . . . . . . 10 . . S7 Guard 2 | . . . . . . . . . . . . . . . . . . . . . . 2 . Tracker 2 | . . . . . . . . . . . . . . . . . . . . . . 2 . Combat Programmer 2 | . . . . . . . . . . . . . . . . . . . . . . 2 . Executioner 4 | . . . . . . . . . . . . . . . . . . . . . . 4 . Fortress 1 | . . . . . . . . . . . . . . . . . . . . . 1 . . Martyr 2 | . . . . . . . . . 2 . . . . . . . . . . . . . . Best Kill Streak 10 | 2 5 4 6 9 7 6 6 5 . 6 2 4 7 6 3 8 8 2 7 3 4 10 7 Combat Bots Only 10 | . 4 3 5 3 7 4 6 2 . 6 2 4 7 6 3 7 8 2 7 3 4 10 5 Max Kills in Single Turn 7 | 1 1 1 3 3 4 5 3 2 1 4 1 1 3 2 1 2 1 2 2 1 1 4 7 Gunslinging . | . . . . . . . . . . . . . . . . . . . . . . . . Exploded 5 | . . . 3 1 4 3 3 . . 4 . 1 3 . 1 . 1 1 2 . 1 3 5 Melee 1 | . . . . . . 1 . . . . . . . . . . . . . . 1 . . Uniques/NPCs Destroyed . | . . . . . . . . . . . . . . . . . . . . . . . . Combat | -11 -10 -10 -9 -9 -9 -8 -8 -7 -7 -7 -7 -6 -6 -5 -5 -4 -4 -3 -3 -2 -2 -2 -1 -------- Run | Scr Mat Min Mat Sto Gar Mat Gar Fac Was Fac Gar Fac Gar Fac Gar Fac Gar Res Gar Res Qua Sec Acc Damage Taken 43077 | . 868 438 539 1079 710 1061 574 835 16 302 753 2142 2831 345 2095 704 1802 843 2687 1150 5703 11509 4091 Core 5313 | . 84 58 52 170 130 139 75 35 . 48 116 186 322 29 156 24 101 . 204 194 601 724 1865 Absorbed by Shields 6851 | . . . . . . . 17 . . . 123 319 25 5 582 168 . 270 497 . 211 4634 . Reduced by Siege Mode 490 | . . . . . . . . . . . . 152 . . . . 34 . 19 . 13 272 . Redirected to Core 21 | . . . . . . . . . . . . . . . . . . . . . 21 . . Core Remaining (%) 59 | 100 . 43 . . 12 . 61 . . . 71 . 40 . 81 . 89 . 84 . . 10 . Volleys Fired 1706 | 9 88 40 47 67 15 82 41 68 18 16 41 41 64 18 78 71 71 59 143 58 79 439 53 Largest 3 | 2 2 2 3 3 3 3 3 3 2 3 3 3 3 3 3 2 3 3 3 3 3 3 3 Hottest 300 | 40 80 70 142 160 143 168 148 148 46 69 74 104 232 167 203 122 180 180 193 176 264 300 300 Shots Fired 3016 | 18 176 76 130 168 36 223 82 156 35 26 80 91 141 37 121 123 106 90 186 89 127 611 88 Gun 954 | 18 154 76 70 . . 32 30 90 34 15 67 73 22 . . . 48 7 . . . 212 6 Cannon 1662 | . 22 . 58 168 34 190 33 49 . . . 5 103 32 88 104 21 65 131 72 114 310 63 Launcher 157 | . . . 2 . 2 1 5 . . 4 . 2 9 . 15 . 14 . 23 . 5 56 19 Special 243 | . . . . . . . 14 17 1 7 13 11 7 5 18 19 23 18 32 17 8 33 . Kinetic 1438 | 18 134 74 124 73 22 89 33 128 34 15 67 78 74 32 71 104 21 2 20 8 8 202 7 Thermal 522 | . 42 2 4 . . . 14 . . . . . 51 . 1 . . 63 33 24 32 197 59 Explosive 5 | . . . 2 . 2 1 . . . . . . . . . . . . . . . . . Electromagnetic 822 | . . . . 95 12 133 35 11 . 4 . 2 9 . 31 . 62 7 101 40 79 179 22 Robot Hit Streak 33 | 4 14 18 17 13 10 10 17 24 12 13 21 24 9 5 8 20 25 26 23 16 14 33 12 Robot Miss Streak 11 | 3 6 2 4 5 1 3 1 4 2 2 2 4 11 7 7 3 3 1 3 2 2 6 2 Penetration Max 2 | . . . . . . . . . . . . . . . . 2 1 . . . . 1 . Secondary Targets 5 | . 1 . . . . . . . . . 2 1 . . . . . . . . . 1 . Max Gunslinging Chain 1 | . 1 . . . . . . . . . 1 1 . . . . . . . . . 1 . Shots Hit Robots 1977 | 11 119 59 76 95 23 135 75 95 28 14 59 74 110 29 73 81 79 65 123 65 75 372 42 Core Hits 1012 | 6 47 26 35 45 15 73 47 35 9 15 33 32 94 14 39 35 31 21 53 23 30 215 39 Critical Hits 127 | . . 1 2 2 . 1 1 3 1 . . 1 3 . 8 48 10 . 8 7 5 26 . Critical Kills 55 | . . . 2 1 . 1 . 2 . . . 1 2 . 2 19 5 . 3 6 3 8 . Critical Parts Destroyed 61 | . . 1 . 1 . . . 1 . . . . 1 . 6 27 5 . 2 1 1 15 . Melee Attacks 74 | . . . . . . 1 29 4 . . 4 6 5 . . . . . . . 19 6 . Kinetic 6 | . . . . . . . . . . . . . . . . . . . . . 6 . . Impact . | . . . . . . . . . . . . . . . . . . . . . . . . Slashing 60 | . . . . . . 1 29 4 . . 4 6 5 . . . . . . . 11 . . Piercing 2 | . . . . . . . . . . . . . . . . . . . . . 2 . . Sneak Attacks 8 | . . . . . . 1 . . . . . 2 . . . . . . . . . 5 . Combat Hostiles 1 | . . . . . . 1 . . . . . . . . . . . . . . . . . Follow-up Attacks . | . . . . . . . . . . . . . . . . . . . . . . . . Damage Inflicted 65038 | 133 1299 473 1312 2386 851 3653 3690 1515 484 665 694 1305 3388 276 1810 1300 1739 1925 4202 2085 3164 17619 9070 Guns 10687 | 133 1074 473 384 . . 456 331 651 484 77 694 821 239 . . . 888 165 . . . 3688 129 Cannons 30441 | . 225 . 577 1995 517 2371 501 864 . . . 34 2060 276 1238 1293 192 1372 3401 1955 2160 8232 1178 Explosions 20796 | . . . 351 388 334 730 773 . . 588 . 235 1089 . 572 . 659 372 801 130 312 5699 7763 Melee 2952 | . . . . . . 96 1951 . . . . 215 . . . . . . . . 690 . . Ramming 28 | . . . . 3 . . . . . . . . . . . 7 . 16 . . 2 . . Kinetic 19799 | 133 928 448 939 975 376 836 501 1461 484 77 694 855 1345 276 990 1293 192 43 389 170 397 5826 171 Thermal 20114 | . 371 25 22 388 39 358 608 . . 155 . 48 1180 . 56 . 131 1701 1136 809 539 4714 7834 Explosive 1148 | . . . 351 . 295 372 . . . . . . . . . . . . . 130 . . . Electromagnetic 21174 | . . . . 1020 141 1991 630 54 . 433 . 187 863 . 764 . 1416 165 2677 976 1713 7079 1065 Impact . | . . . . . . . . . . . . . . . . . . . . . . . . Slashing 2775 | . . . . . . 96 1951 . . . . 215 . . . . . . . . 513 . . Piercing . | . . . . . . . . . . . . . . . . . . . . . . . . Highest Corruption 22 | . . . . 1 5 . . 1 1 1 1 . . . 4 1 2 . 2 16 22 22 . Average Corruption 12 | . . . . 1 4 . . 1 1 1 1 . . . 3 1 1 . 1 12 20 22 . Corruption Purged . | . . . . . . . . . . . . . . . . . . . . . . . . Effects 975 | . . . . . 14 . . . 3 . 2 . . . 25 1 10 . 29 49 334 508 . Message Errors 145 | . . . . . 4 . . . 2 . . . . . 5 1 3 . 11 7 43 69 . Matter Fused 136 | . . . . . 1 . . . . . . . . . 7 . . . . 6 62 60 . Heat Flow Errors 89 | . . . . . 2 . . . . . . . . . 5 . 2 . 6 6 29 39 . Energy Discharges 83 | . . . . . 2 . . . . . 1 . . . 1 . 2 . 7 6 37 27 . Parts Rejected 6 | . . . . . . . . . . . . . . . 1 . . . . . 1 4 . Data Loss (minor) 90 | . . . . . 3 . . . . . 1 . . . 3 . 2 . 3 6 36 36 . Data Loss (major) 24 | . . . . . . . . . . . . . . . . . . . . 3 6 15 . Misfires 22 | . . . . . . . . . . . . . . . . . . . . 1 10 11 . Alerts 15 | . . . . . . . . . . . . . . . . . . . . 1 6 8 . Misdirections 128 | . . . . . . . . . . . . . . . . . . . . 4 70 54 . Targeting Errors 198 | . . . . . 2 . . . 1 . . . . . 2 . 1 . 1 7 30 154 . Weapon Failures 39 | . . . . . . . . . . . . . . . 1 . . . 1 2 4 31 . Overload Shots . | . . . . . . . . . . . . . . . . . . . . . . . . Overflow Damage 2429 | . 2 . 17 41 50 91 259 50 . . . 48 39 . 15 . 6 3 87 43 160 358 1160 Projectiles 908 | . 2 . 8 22 32 85 . 50 . . . . 11 . 15 . . 3 87 43 157 255 138 Explosions 1216 | . . . 9 19 18 6 5 . . . . . 28 . . . 6 . . . . 103 1022 Melee 305 | . . . . . . . 254 . . . . 48 . . . . . . . . 3 . . Knockbacks 114 | . . . 1 8 1 7 3 9 . . . 1 21 8 25 7 . 3 2 . . 18 . Impact . | . . . . . . . . . . . . . . . . . . . . . . . . Kinetic 108 | . . . 1 7 1 7 3 8 . . . 1 21 8 23 7 . 3 1 . . 17 . Secondary 6 | . . . . 1 . . . 1 . . . . . . 2 . . . 1 . . 1 . Self-Inflicted Damage 2131 | . . . . 20 27 . 82 . . . . . 194 . 270 . 23 69 63 109 . 293 981 Shots 63 | . . . . 1 1 . 2 . . . . . 9 . 11 . 1 1 4 1 . 29 3 Rammed 5 | . . . . 1 . . . . . . . . . . . 1 . 2 . . 1 . . Targets Rammed 5 | . . . . 1 . . . . . . . . . . . 1 . 2 . . 1 . . Kicked . | . . . . . . . . . . . . . . . . . . . . . . . . Crushed . | . . . . . . . . . . . . . . . . . . . . . . . . Highest Temperature 621 | . 238 50 165 473 286 402 255 188 17 31 49 57 261 . 621 430 249 117 237 297 376 406 . Average Temperature 87 | . 68 10 49 149 152 62 89 38 17 12 22 18 48 . 120 101 52 53 51 76 96 88 . Received Heat Transfer 5756 | . 495 132 78 276 210 297 63 180 . 102 252 583 911 . 543 15 168 42 482 27 89 631 180 Effects 31 | . . . . 12 . . . . . . . . . . 11 2 . . . . 4 2 . Shutdowns 6 | . . . . . . . . . . . . . . . 5 1 . . . . . . . Energy Bleed 7 | . . . . 3 . . . . . . . . . . 4 . . . . . . . . Interference 10 | . . . . 5 . . . . . . . . . . 1 1 . . . . 3 . . Short Circuit 2 | . . . . . . . . . . . . . . . 1 . . . . . . 1 . Damage (minor) 2 | . . . . . . . . . . . . . . . . . . . . . 1 1 . Damage (major) 4 | . . . . 4 . . . . . . . . . . . . . . . . . . . Siege Activations 14 | . . . . . . . . . . . 1 1 . . . . 1 . 1 1 1 8 . Total Turns 360 | . . . . . . . . . . . 56 47 . . . . 41 . 4 9 14 189 . Longest Duration 56 | . . . . . . . . . . . 56 47 . . . . 41 . 4 9 14 50 . Robots Corrupted 75 | . . . . 2 . 2 . . . . . . 3 . 3 . 5 . 14 3 8 32 3 Combat Hostiles 67 | . . . . 2 . 1 . . . . . . 3 . 3 . 4 . 10 3 7 31 3 Parts Fried 152 | . . . . 3 . 14 . . . 1 . . 5 . 5 . 5 1 22 13 8 64 11 Impact Corruptions 1 | . . . . 1 . . . . . . . . . . . . . . . . . . . Robots Melted 1 | . . . . . . . . . . . . . . . . . . . . . . 1 . Combat Hostiles 1 | . . . . . . . . . . . . . . . . . . . . . . 1 . Parts Melted 41 | . . . . . . . . . . . . . . . . . . 4 2 6 8 19 2 Heat Transferred 13198 | . 901 74 37 400 50 250 894 . . 200 . 50 1350 . 100 . 100 1632 1242 703 407 3788 1020 Parts Sabotaged 2 | . . . . . . . . . . . . . . . . . . . . . . . 2 Parts Stolen . | . . . . . . . . . . . . . . . . . . . . . . . . Parts Stripped . | . . . . . . . . . . . . . . . . . . . . . . . . Power Chain Reactions 47 | . . . . 3 1 6 7 . . 3 . 2 3 . 3 . 2 1 6 . . 7 3 Missiles Intercepted . | . . . . . . . . . . . . . . . . . . . . . . . . Alert | -11 -10 -10 -9 -9 -9 -8 -8 -7 -7 -7 -7 -6 -6 -5 -5 -4 -4 -3 -3 -2 -2 -2 -1 ------- Run | Scr Mat Min Mat Sto Gar Mat Gar Fac Was Fac Gar Fac Gar Fac Gar Fac Gar Res Gar Res Qua Sec Acc Peak Influence 1198 | 15 202 178 327 449 598 802 1033 679 213 403 697 749 925 563 544 303 320 369 789 584 281 1198 842 Initial 710 | . 9 33 7 46 288 291 341 541 172 9 282 365 451 485 165 285 37 180 34 443 40 150 710 Average 375 | 7 79 61 134 240 490 552 754 556 165 194 581 499 751 477 337 191 218 121 584 332 161 372 751 Maximum Alert Level 4 | . 1 . 1 2 2 3 3 2 1 2 2 3 3 2 2 1 1 1 3 2 1 4 3 Low Security (%) 32 | 100 95 100 88 39 . . . . 41 45 . . . . 28 53 42 86 7 38 52 30 . Level 1 24 | . 4 . 11 51 16 12 7 . 58 41 9 25 . 3 37 46 57 13 19 9 47 26 . Level 2 27 | . . . . 8 83 62 32 100 . 12 90 62 16 96 33 . . . 31 52 . 29 23 Level 3 15 | . . . . . . 24 60 . . . . 12 83 . . . . . 41 . . 11 76 Level 4 . | . . . . . . . . . . . . . . . . . . . . . . 2 . Level 5 . | . . . . . . . . . . . . . . . . . . . . . . . . High Security . | . . . . . . . . . . . . . . . . . . . . . . . . Max Security . | . . . . . . . . . . . . . . . . . . . . . . . . Squads Dispatched 103 | . 4 . 1 5 . 3 . 5 . 3 . 9 . 4 . 8 . 10 . 8 7 32 4 Investigation 20 | . 1 . . 1 . 1 . 1 . 3 . . . 1 . 2 . 1 . 1 4 3 1 Extermination 24 | . . . . . . . . 1 . . . . . . . 2 . 2 . 3 2 13 1 Reinforcement 25 | . 3 . 1 2 . 2 . 2 . . . 4 . . . 1 . 2 . 1 . 6 1 Assault 9 | . . . . . . . . . . . . 2 . . . . . 1 . . 1 4 1 Garrison 19 | . . . . 2 . . . 1 . . . 3 . 3 . 3 . 4 . 3 . . . Intercept 6 | . . . . . . . . . . . . . . . . . . . . . . 6 . Construction Impeded 5 | . . . . . . . . 1 . . . 1 . . . . . 1 . . . 1 1 Haulers Reinforced 3 | . . . . . . . . . . . . 1 . . . 1 . . . . . 1 . Alert ID Control Effect 51 | . . . . . . . . . . . . . . . 6 10 8 9 3 12 3 . . Stealth | -11 -10 -10 -9 -9 -9 -8 -8 -7 -7 -7 -7 -6 -6 -5 -5 -4 -4 -3 -3 -2 -2 -2 -1 --------- Run | Scr Mat Min Mat Sto Gar Mat Gar Fac Was Fac Gar Fac Gar Fac Gar Fac Gar Res Gar Res Qua Sec Acc Distress Signals 18 | . 2 1 1 1 . 3 . 4 . . . . 1 . . . . 2 . . . 2 1 Communications Jammed 102 | . . . . . . . . . . . . . . . . . . 38 . 44 . 20 . Distress Signals 98 | . . . . . . . . . . . . . . . . . . 36 . 42 . 20 . Times Spotted 745 | . 32 8 26 30 13 39 20 24 4 14 28 37 38 10 40 34 34 35 45 25 38 150 21 Peak Tracking Total 16 | . 5 3 5 4 6 4 4 3 2 9 13 8 10 4 6 7 16 5 9 4 8 13 6 Tactical Retreats 57 | . 2 1 1 2 1 . 1 . . . 1 1 5 1 8 1 3 1 9 . 1 16 2 Traps | -11 -10 -10 -9 -9 -9 -8 -8 -7 -7 -7 -7 -6 -6 -5 -5 -4 -4 -3 -3 -2 -2 -2 -1 ------- Run | Scr Mat Min Mat Sto Gar Mat Gar Fac Was Fac Gar Fac Gar Fac Gar Fac Gar Res Gar Res Qua Sec Acc Traps Triggered 69 | . 3 . . . 5 2 8 1 . . 8 . 4 . 11 . 2 1 7 3 3 3 8 Indirectly 11 | . . . . . . . . . . . . . . . 4 . . . . . . 3 4 Trap Hack Attempts . | . . . . . . . . . . . . . . . . . . . . . . . . Triggered . | . . . . . . . . . . . . . . . . . . . . . . . . Disarmed . | . . . . . . . . . . . . . . . . . . . . . . . . Reprogrammed . | . . . . . . . . . . . . . . . . . . . . . . . . Reused . | . . . . . . . . . . . . . . . . . . . . . . . . Traps Extracted . | . . . . . . . . . . . . . . . . . . . . . . . . Installed . | . . . . . . . . . . . . . . . . . . . . . . . . Triggered 1 | . . . . . . . . . . . . . . . . . . . 1 . . . . Machines | -11 -10 -10 -9 -9 -9 -8 -8 -7 -7 -7 -7 -6 -6 -5 -5 -4 -4 -3 -3 -2 -2 -2 -1 ---------- Run | Scr Mat Min Mat Sto Gar Mat Gar Fac Was Fac Gar Fac Gar Fac Gar Fac Gar Res Gar Res Qua Sec Acc Machines Disabled 89 | . 1 . 1 4 . 5 3 . . . 3 8 2 . 5 . 4 1 5 1 17 25 4 Max in Single Turn 4 | . 1 . 1 1 . 1 1 . . . 1 1 1 . 1 . 1 . 2 1 1 2 4 Garrison Access 6 | . . . . . . . . 2 . . . 1 . . . . . 1 . . 1 1 . Garrison Relay 19 | . . . . . . . 3 . . . 3 . 2 . 4 . 4 . 3 . . . . Machines Sabotaged . | . . . . . . . . . . . . . . . . . . . . . . . . Garrisons Compromised . | . . . . . . . . . . . . . . . . . . . . . . . . Overloaded Fab Kills . | . . . . . . . . . . . . . . . . . . . . . . . . Fab Network Shutdowns . | . . . . . . . . . . . . . . . . . . . . . . . . Hacking | -11 -10 -10 -9 -9 -9 -8 -8 -7 -7 -7 -7 -6 -6 -5 -5 -4 -4 -3 -3 -2 -2 -2 -1 --------- Run | Scr Mat Min Mat Sto Gar Mat Gar Fac Was Fac Gar Fac Gar Fac Gar Fac Gar Res Gar Res Qua Sec Acc Machines Accessed 89 | . 6 . 3 9 . 9 . 8 . 5 . 3 . 2 . 3 . 2 . 7 15 13 4 Terminals 54 | . 4 . 3 6 . 4 . 3 . 2 . . . 1 . 2 . 1 . 3 11 11 3 Fabricators 7 | . . . . . . . . 1 . 1 . 2 . . . . . . . 2 . . 1 Repair Stations 8 | . 1 . . 1 . 1 . 1 . 1 . . . . . . . . . . 2 1 . Recycling Units 3 | . 1 . . 1 . 1 . . . . . . . . . . . . . . . . . Scanalyzers 4 | . . . . . . 2 . . . . . . . . . . . . . 1 1 . . Garrison Access 13 | . . . . 1 . 1 . 3 . 1 . 1 . 1 . 1 . 1 . 1 1 1 . Total Hacks 222 | . 17 . 16 18 . 28 . 18 . 15 . 4 . 5 . 8 . 6 . 18 42 20 7 Successful 118 | . 10 . 10 12 . 19 . 8 . 9 . 2 . 3 . 4 . 2 . 9 18 10 2 Failed 103 | . 6 . 6 6 . 9 . 10 . 6 . 2 . 2 . 4 . 4 . 9 24 10 5 Catastrophic 22 | . . . . . . 3 . . . 2 . 1 . 1 . 1 . 1 . 1 6 3 3 Database Lockouts 1 | . 1 . . . . . . . . . . . . . . . . . . . . . . Manual 78 | . 7 . 12 9 . 16 . 3 . 3 . . . 4 . 2 . 2 . 3 9 7 1 Terminals 133 | . 10 . 16 13 . 14 . 9 . 6 . . . 2 . 6 . 3 . 7 23 18 6 Fabricators 15 | . . . . . . . . 2 . 3 . 3 . . . . . . . 6 . . 1 Repair Stations 28 | . 5 . . 2 . 5 . 2 . 4 . . . . . . . . . . 9 1 . Recycling Units 4 | . 2 . . 1 . 1 . . . . . . . . . . . . . . . . . Scanalyzers 15 | . . . . . . 5 . . . . . . . . . . . . . 1 9 . . Garrison Access 27 | . . . . 2 . 3 . 5 . 2 . 1 . 3 . 2 . 3 . 4 1 1 . Terminal Hacks 51 | . 5 . 9 6 . 6 . 2 . 2 . . . 1 . 2 . 1 . 4 5 7 1 Record 1 | . . . . . . . . . . . . . . . . . . . . . 1 . . Part Schematic 2 | . . . . 1 . 1 . . . . . . . . . . . . . . . . . Robot Schematic 2 | . 1 . 1 . . . . . . . . . . . . . . . . . . . . Robot Analysis 5 | . 1 . 3 . . . . 1 . . . . . . . . . . . . . . . Prototype ID Bank 5 | . 1 . 2 . . . . . . 1 . . . . . . . . . . 1 . . Open Door 10 | . . . . 3 . . . . . . . . . . . . . . . 1 1 5 . Branch Access Points 4 | . . . 1 . . 1 . . . . . . . . . . . 1 . 1 . . . Terminal Index 1 | . . . . . . . . . . . . . . . . . . . . . 1 . . Alert Level 1 | . . . 1 . . . . . . . . . . . . . . . . . . . . Unreport Threat 8 | . . . 1 . . 3 . . . . . . . 1 . . . . . 2 . 1 . Locate Traps 3 | . . . . 1 . . . 1 . 1 . . . . . . . . . . . . . Maintenance Status 1 | . . . . . . . . . . . . . . . . . . . . . . . 1 Recall Investigation 1 | . . . . 1 . . . . . . . . . . . . . . . . . . . Hauler Manifests 3 | . 1 . . . . 1 . . . . . . . . . 1 . . . . . . . Registered Components 2 | . 1 . . . . . . . . . . . . . . 1 . . . . . . . Zone Layout 1 | . . . . . . . . . . . . . . . . . . . . . 1 . . Activate Exoskeleton 1 | . . . . . . . . . . . . . . . . . . . . . . 1 . Fabricator Hacks 5 | . . . . . . . . . . 2 . 1 . . . . . . . 2 . . . Load Schematic 4 | . . . . . . . . . . 1 . 1 . . . . . . . 2 . . . Build 1 | . . . . . . . . . . 1 . . . . . . . . . . . . . Repair Station Hacks 14 | . 4 . . 2 . 4 . . . 1 . . . . . . . . . . 3 . . Scan Component 9 | . 2 . . 1 . 2 . . . 1 . . . . . . . . . . 3 . . Repair 5 | . 2 . . 1 . 2 . . . . . . . . . . . . . . . . . Recycling Unit Hacks . | . . . . . . . . . . . . . . . . . . . . . . . . Scanalyzer 14 | . . . . . . 5 . . . . . . . . . . . . . 1 8 . . Insert Component 11 | . . . . . . 3 . . . . . . . . . . . . . 1 7 . . Analyze 3 | . . . . . . 2 . . . . . . . . . . . . . . 1 . . Garrison Access Hacks 13 | . . . . 1 . 1 . 4 . 1 . 1 . 1 . 1 . 1 . 1 . 1 . Unlock Access 7 | . . . . 1 . 1 . . . 1 . 1 . 1 . 1 . 1 . . . . . Seal Access 3 | . . . . . . . . 2 . . . . . . . . . . . . . 1 . Coupler Status 3 | . . . . . . . . 2 . . . . . . . . . . . 1 . . . Unauthorized Hacks 21 | . 1 . 1 3 . 3 . 2 . 3 . . . 1 . 1 . . . 1 2 2 1 Terminals 6 | . . . 1 1 . . . . . . . . . . . . . . . . 1 2 1 Track 1 | . . . . . . . . . . . . . . . . . . . . . . 1 . Botnet 5 | . . . 1 1 . . . . . . . . . . . . . . . . 1 1 1 Fabricators 1 | . . . . . . . . . . 1 . . . . . . . . . . . . . Prioritize 1 | . . . . . . . . . . 1 . . . . . . . . . . . . . Repair Stations 2 | . . . . . . . . 1 . 1 . . . . . . . . . . . . . Mechanics 2 | . . . . . . . . 1 . 1 . . . . . . . . . . . . . Recycling Units 3 | . 1 . . 1 . 1 . . . . . . . . . . . . . . . . . Reject 2 | . . . . 1 . 1 . . . . . . . . . . . . . . . . . Tunnel 1 | . 1 . . . . . . . . . . . . . . . . . . . . . . Scanalyzers . | . . . . . . . . . . . . . . . . . . . . . . . . Garrison Access 9 | . . . . 1 . 2 . 1 . 1 . . . 1 . 1 . . . 1 1 . . Restock 2 | . . . . 1 . 1 . . . . . . . . . . . . . . . . . Reprogram 2 | . . . . . . 1 . . . . . . . . . . . . . 1 . . . Eject 5 | . . . . . . . . 1 . 1 . . . 1 . 1 . . . . 1 . . Data Cores Recovered 2 | . . . . . . . . . . . . . . . . 1 . . . . . . 1 Used . | . . . . . . . . . . . . . . . . . . . . . . . . Hacking Detections 72 | . 6 . 3 5 . 8 . 6 . 5 . 2 . 2 . 2 . 2 . 6 13 8 4 Full Trace Events 12 | . . . . 1 . . . . . 2 . . . . . 1 . 1 . 1 3 2 1 Feedback Events 1 | . . . . . . . . . . . . . . . . . . . . 1 . . . Corruption 1 | . . . . . . . . . . . . . . . . . . . . 1 . . . Feedback Blocked . | . . . . . . . . . . . . . . . . . . . . . . . . Robot Schematics Acquired 2 | . 1 . 1 . . . . . . . . . . . . . . . . . . . . Robots Built 1 | . . . . . . . . . . 1 . . . . . . . . . . . . . Matter 153 | . . . . . . . . . . 153 . . . . . . . . . . . . . Time 81 | . . . . . . . . . . 81 . . . . . . . . . . . . . Total Robot Build Rating 1 | . . . . . . . . . . 1 . . . . . . . . . . . . . Part Schematics Acquired 5 | . . . . 1 . 3 . . . . . . . . . . . . . . 1 . . Parts Built . | . . . . . . . . . . . . . . . . . . . . . . . . Matter . | . . . . . . . . . . . . . . . . . . . . . . . . Time . | . . . . . . . . . . . . . . . . . . . . . . . . Total Part Build Rating . | . . . . . . . . . . . . . . . . . . . . . . . . Parts Repaired 5 | . 2 . . 1 . 2 . . . . . . . . . . . . . . . . . Time 136 | . 52 . . 32 . 52 . . . . . . . . . . . . . . . . . Parts Recycled . | . . . . . . . . . . . . . . . . . . . . . . . . Recycled Matter . | . . . . . . . . . . . . . . . . . . . . . . . . Retrieved Matter . | . . . . . . . . . . . . . . . . . . . . . . . . Retrieved Components . | . . . . . . . . . . . . . . . . . . . . . . . . Parts Scanalyzed 3 | . . . . . . 2 . . . . . . . . . . . . . . 1 . . Part Schematics Acquired 3 | . . . . . . 2 . . . . . . . . . . . . . . 1 . . Parts Damaged 1 | . . . . . . . . . . . . . . . . . . . . . 1 . . Bothacking | -11 -10 -10 -9 -9 -9 -8 -8 -7 -7 -7 -7 -6 -6 -5 -5 -4 -4 -3 -3 -2 -2 -2 -1 ------------ Run | Scr Mat Min Mat Sto Gar Mat Gar Fac Was Fac Gar Fac Gar Fac Gar Fac Gar Res Gar Res Qua Sec Acc Used RIF Installer 7 | . . . . . 1 . 1 . . . 1 . 1 . 1 . 1 . 1 . . . . Coupler Efficiency 1 | . . . . . . . . . . . . . . . . . 1 . . . . . . Threat Obfuscator 1 | . . . . . . . 1 . . . . . . . . . . . . . . . . Robot Detection 1 | . . . . . . . . . . . . . 1 . . . . . . . . . . Watcher Feeds 1 | . . . . . . . . . . . 1 . . . . . . . . . . . . Alert ID Control 1 | . . . . . . . . . . . . . . . 1 . . . . . . . . Program Shield 1 | . . . . . . . . . . . . . . . . . . . 1 . . . . Robots Hacked 129 | . . . . . . . . 9 1 2 9 7 1 3 11 13 16 11 11 9 5 21 . Non-combat 19 | . . . . . . . . 3 . . . 3 . 1 . 3 . . . 2 . 7 . Combat 110 | . . . . . . . . 6 1 2 9 4 1 2 11 10 16 11 11 7 5 14 . Robot Hacks Applied 140 | . . . . . . . . 9 1 3 9 7 1 3 11 14 16 11 12 9 5 29 . parse_system 2 | . . . . . . . . . . . . . . . 1 . . . . . . 1 . no_distress 2 | . . . . . . . . . . . . . . . . 2 . . . . . . . deconstruct_machine 2 | . . . . . . . . . . . . 2 . . . . . . . . . . . ignore_repairs 1 | . . . . . . . . . . . . . . . . 1 . . . . . . . drop_inventory 5 | . . . . . . . . 1 . . . 1 . 1 . . . . . . . 2 . purge_threat 4 | . . . . . . . . . . . . . . . . . . . . . . 4 . reprogram_traps 1 | . . . . . . . . . . . . . . . . . . . . . . 1 . block_reporting 1 | . . . . . . . . . . . . . . . . . . . . . . 1 . map_route 2 | . . . . . . . . . . . . . . . . . . . . 1 . 1 . disable_scanner 5 | . . . . . . . . . . . . . . . . . . . . . . 5 . locate_prototypes 3 | . . . . . . . . . . . . . . . . . . . . . . 3 . ignore_targets 1 | . . . . . . . . . 1 . . . . . . . . . . . . . . find_garrison 5 | . . . . . . . . 1 . 1 . 1 . . . 1 . 1 . . . . . scatter_targeting 2 | . . . . . . . . . . . 1 . . . 1 . . . . . . . . disrupt_area 2 | . . . . . . . . . . . . . . . 1 . . . 1 . . . . spike_heat 1 | . . . . . . . . 1 . . . . . . . . . . . . . . . amplify_resonance 6 | . . . . . . . . . . . . . . . 1 1 1 1 1 . . 1 . reboot_system 5 | . . . . . . . . 1 . . . . . . . . . 1 1 . . 2 . overwrite_iff 25 | . . . . . . . . . . . 2 1 . . 1 2 7 2 3 1 3 3 . streamctrl_high 13 | . . . . . . . . . . . 1 . . . 2 . 2 . 3 2 . 3 . formatsys_low 6 | . . . . . . . . 2 . . . . . . . . . . . 1 1 2 . formatsys_high 46 | . . . . . . . . 3 . 2 5 2 1 2 4 7 6 6 3 4 1 . . Relay Couplers Released 106 | . . . . 3 . 3 13 7 . 4 11 2 8 3 19 . 15 1 11 . 4 2 . Ejected 11 | . . . . . . . . 4 . 4 . . . 3 . . . . . . . . . Machine Destruction 82 | . . . . . . . 13 . . . 11 2 8 . 19 . 15 1 11 . . 2 . Programmers 13 | . . . . 3 . 3 . 3 . . . . . . . . . . . . 4 . . Attached 48 | . . . . . . . . 3 1 2 5 2 1 4 4 3 7 2 4 3 2 5 . Robots Rewired 13 | . . . . . . . . . . . . . 6 . . . . . 7 . . . . Allies Hacked 5 | . . . . . . . . 3 . . . 1 . . . . . . . 1 . . . Hacks Repelled . | . . . . . . . . . . . . . . . . . . . . . . . . Allies | -11 -10 -10 -9 -9 -9 -8 -8 -7 -7 -7 -7 -6 -6 -5 -5 -4 -4 -3 -3 -2 -2 -2 -1 -------- Run | Scr Mat Min Mat Sto Gar Mat Gar Fac Was Fac Gar Fac Gar Fac Gar Fac Gar Res Gar Res Qua Sec Acc Total Allies 122 | . . . . . . . . 5 19 3 8 3 7 2 7 9 15 8 15 9 5 7 . Largest Group 19 | . . . . . . . . 3 19 12 10 8 7 2 3 3 4 6 9 10 3 3 . Highest-Rated Group 564 | . . . . . . . . 63 477 316 268 219 281 82 123 140 203 329 490 564 183 174 . Highest-Rated Ally 69 | . . . . . . . . 32 35 33 32 47 41 41 49 56 58 64 64 69 69 69 . Total Orders 56 | . . . . . . . . 1 . 1 6 6 4 . . . 2 5 14 10 2 5 . STAY 24 | . . . . . . . . . . . 1 1 2 . . . 1 2 9 6 1 1 . ROAM 2 | . . . . . . . . . . . . . . . . . . 1 . . . 1 . FOLLOW 17 | . . . . . . . . . . . 1 1 2 . . . 1 2 5 4 1 . . AID 11 | . . . . . . . . 1 . 1 4 2 . . . . . . . . . 3 . EXPLORE 2 | . . . . . . . . . . . . 2 . . . . . . . . . . . Ally Attacks 705 | . . . . . . . . 14 183 29 35 57 30 11 34 42 56 51 30 89 29 15 . Total Damage 21447 | . . . . . . . . 345 4509 385 580 2052 1343 242 1111 1418 1591 1965 1036 3341 1039 490 . Kills 123 | . . . . . . . . 6 11 4 13 15 8 1 6 11 10 11 4 19 4 . . Allies Corrupted 7 | . . . . . . . . . . . . 1 . . . 1 . 1 . 3 1 . . Allies Melted . | . . . . . . . . . . . . . . . . . . . . . . . . Intel | -11 -10 -10 -9 -9 -9 -8 -8 -7 -7 -7 -7 -6 -6 -5 -5 -4 -4 -3 -3 -2 -2 -2 -1 ------- Run | Scr Mat Min Mat Sto Gar Mat Gar Fac Was Fac Gar Fac Gar Fac Gar Fac Gar Res Gar Res Qua Sec Acc Robot Analysis Total 5 | . 1 . 3 . . . . 1 . . . . . . . . . . . . . . . Derelict Logs Recovered 1 | . . 1 . . . . . . . . . . . . . . . . . . . . . Drone Launches 2 | . . . . . . . . . . . . 2 . . . . . . . . . . . Drone Recoveries . | . . . . . . . . . . . . . . . . . . . . . . . . Exploration | -11 -10 -10 -9 -9 -9 -8 -8 -7 -7 -7 -7 -6 -6 -5 -5 -4 -4 -3 -3 -2 -2 -2 -1 ------------- Run | Scr Mat Min Mat Sto Gar Mat Gar Fac Was Fac Gar Fac Gar Fac Gar Fac Gar Res Gar Res Qua Sec Acc Turns Passed 38022 | 129 1508 601 1100 1776 542 2245 1211 1206 495 346 1236 1061 2342 413 1626 1209 1231 1478 3312 1231 5312 5685 727 Spaces Moved 18143 | 58 639 265 494 716 236 1000 616 737 325 199 703 583 1040 191 570 518 617 695 1433 706 2947 2415 440 Core 53 | 6 . . . . . . . . . . . . . . 8 . . . . . . . 39 Treads 12519 | 52 639 265 494 716 236 1000 53 . . . 8 172 388 191 516 354 617 695 924 . 2728 2415 56 Legs 584 | . . . . . . . . . . . . . 538 . 46 . . . . . . . . Wheels 4906 | . . . . . . . 563 737 325 199 695 411 114 . . 164 . . 509 706 219 . 264 Hover 6 | . . . . . . . . . . . . . . . . . . . . . . . 6 Flight 75 | . . . . . . . . . . . . . . . . . . . . . . . 75 Fastest Speed 40 | 50 160 180 180 180 200 175 120 120 120 120 120 130 150 180 150 130 160 160 160 130 148 140 40 Average Speed 162 | 152 179 180 182 199 200 178 150 120 120 124 126 139 187 180 219 172 163 176 178 135 155 159 111 Slowest Speed 1400 | 160 200 180 220 220 240 200 183 120 130 130 180 170 280 180 1400 300 180 195 240 160 180 175 430 Overloaded Moves . | . . . . . . . . . . . . . . . . . . . . . . . . Propulsion Burnouts . | . . . . . . . . . . . . . . . . . . . . . . . . Robots Hopped 1 | . . . . . . . . . . . . . . . . . . . . . . . 1 Cave-ins Triggered . | . . . . . . . . . . . . . . . . . . . . . . . . Teleports 3 | . . . . . . . . . . . . . . . . . . . . . 1 2 . Exploration Rate (%) 53 | 6 93 67 43 84 39 78 82 19 95 5 75 15 79 5 85 14 71 18 88 17 97 86 12 Regions Visited 23 Branch Regions 4 Pre-discovered Areas 1 | . 1 . . . . . . . . . . . . . . . . . . . . . . Known Exits Taken 9 | . . . 1 1 . 1 . . . 1 . 1 . 1 . 1 . 1 . 1 . . . Unknown Exits Taken 5 | 1 1 1 . . . . . . . . . . . . . . . . . . 1 1 . Scrap Searched . | . . . . . . . . . . . . . . . . . . . . . . . . Spaces Dug 113 | . . . 13 . . 1 . . . . . 3 5 . . . . 11 . 3 11 47 19 Terrain Destroyed 839 | . . . 25 17 11 64 4 8 . 2 . 6 8 . 9 . 7 42 24 21 18 151 422 Melee 5 | . . . . . . . . . . . . 3 . . . . . . . . 2 . . Projectile 221 | . . . 1 2 . 10 . 8 . . . . 2 . . . . 23 1 7 16 112 39 AOE 613 | . . . 24 15 11 54 4 . . 2 . 3 6 . 9 . 7 19 23 14 . 39 383 Terrain Rammed . | . . . . . . . . . . . . . . . . . . . . . . . . Walls Destroyed . | . . . . . . . . . . . . . . . . . . . . . . . . Machines Disabled . | . . . . . . . . . . . . . . . . . . . . . . . . Actions | -11 -10 -10 -9 -9 -9 -8 -8 -7 -7 -7 -7 -6 -6 -5 -5 -4 -4 -3 -3 -2 -2 -2 -1 --------- Run | Scr Mat Min Mat Sto Gar Mat Gar Fac Was Fac Gar Fac Gar Fac Gar Fac Gar Res Gar Res Qua Sec Acc Total 23939 | 79 835 332 605 937 272 1300 777 943 395 277 987 744 1303 230 860 722 767 871 2045 906 3546 3625 581 Wait 2192 | . 73 6 1 85 3 112 2 79 24 40 145 67 54 4 126 71 26 58 342 94 282 468 30 Move 18120 | 57 638 264 493 715 234 999 615 737 324 198 702 583 1038 190 569 518 616 695 1432 705 2946 2414 438 Hop 1 | . . . . . . . . . . . . . . . . . . . . . . . 1 Pick Up 349 | 6 14 13 20 17 1 29 9 16 5 4 12 8 17 4 18 13 15 11 22 10 38 45 2 Fast Attach 259 | 7 9 1 9 8 . 9 4 1 2 1 . 7 22 2 11 14 4 11 14 8 42 53 20 Attach 187 | . 8 3 3 4 5 8 3 8 . 3 4 8 16 4 10 3 7 8 10 4 24 36 8 Detach 34 | . . . 1 1 . 1 . . . . . 2 7 . 2 . 1 2 3 2 4 6 2 Swap 368 | . 2 . 9 9 4 19 13 14 10 9 16 17 12 4 12 8 11 9 27 12 42 101 8 Drop 435 | . 3 5 22 30 . 40 14 16 12 6 10 5 26 4 17 23 12 16 26 13 69 55 11 Fire 1706 | 9 88 40 47 67 15 82 41 68 18 16 41 41 64 18 78 71 71 59 143 58 79 439 53 Melee 74 | . . . . . . 1 29 4 . . 4 6 5 . . . . . . . 19 6 . Ram 2 | . . . . . . . . . . . . . . . . . . . . . . 2 . Kick . | . . . . . . . . . . . . . . . . . . . . . . . . Crush 5 | . . . . 1 . . . . . . . . . . . 1 . 2 . . 1 . . Escape Stasis 181 | . . . . . 10 . 47 . . . 53 . 17 . 17 . 4 . 25 . . . 8 Rewire 26 | . . . . . . . . . . . . . 25 . . . . . 1 . . . . Trap . | . . . . . . . . . . . . . . . . . . . . . . . . Miscellaneous . | . . . . . . . . . . . . . . . . . . . . . . . . Route ------- -11/Scrapyard -10/Materials (discovered 4 exits: *Mat x3 / [*Min]) -10/Mines -9/Materials (discovered 4 exits: *Mat / *Min x2 / *Sto) -9/Storage (discovered 2 exits: *Mat / Gar) -9/Garrison (discovered 2 exits: *Mat x2) -8/Materials (discovered 3 exits: *Fac x2 / Gar) -8/Garrison (discovered 3 exits: *Fac x3) -7/Factory -7/Waste -7/Factory (discovered 2 exits: [*Low] / Gar) -7/Garrison (discovered 3 exits: *Fac x3) -6/Factory -6/Garrison (discovered 3 exits: *Fac x3) -5/Factory -5/Garrison (discovered 3 exits: *Fac x3) -4/Factory -4/Garrison (discovered 3 exits: *Res x3) -3/Research (discovered 4 exits: Arm / Tes x2 / Gar) -3/Garrison (discovered 3 exits: *Res x3) -2/Research (discovered 2 exits: *Qua x2) -2/Quarantine (discovered 2 exits: *Acc / *Sec) -2/Section 7 -1/Access History --------- Turn | Location | Event 7 | -11/Scrapyard | Discovered new exit (range 15) 130 | -11/Scrapyard | Entered Materials 311 | -10/Materials | Build established: Mutant 412 | -10/Materials | Discovered new exit (range 13) 879 | -10/Materials | Discovered new exit (range 13) 882 | -10/Materials | Discovered new exit (range 16) 953 | -10/Materials | Lost 5 parts (1p1n3w) 1188 | -10/Materials | Repaired Lgt. Treads 1214 | -10/Materials | Repaired Lgt. Treads 1375 | -10/Materials | Central database locked down 1456 | -10/Materials | Discovered new exit (range 5) 1638 | -10/Materials | Entered Mines 1709 | -10/Mines | Learned 4 Materials zone layouts 2026 | -10/Mines | Core integrity fell below 50% 2155 | -10/Mines | Discovered new exit (range 6) 2164 | -10/Mines | Received a Rocket Launcher from a helpful Derelict 2239 | -10/Mines | Entered Materials 2239 | -9/Materials | Evolved 2 slots: Utility x1, Weapon x1 2240 | -9/Materials | Identified exit to Storage 2240 | -9/Materials | Identified exit to Mines 2551 | -9/Materials | Build established: Scavenger-Tank 2983 | -9/Materials | Discovered new exit (range 14) 3211 | -9/Materials | Build established: Hauler-Gunner 3339 | -9/Materials | Entered Storage 3626 | -9/Storage | Found Prototype Launcher 3626 | -9/Storage | Identified Scatter Rocket Array 4001 | -9/Storage | Discovered new exit (range 5) 4680 | -9/Storage | Garrison activated, responded to threat 4888 | -9/Storage | Repaired Lgt. EM Pulse Cannon 5037 | -9/Storage | Identified exit to Garrison 5056 | -9/Storage | Garrison activated, responded to threat 5077 | -9/Storage | Core integrity fell below 50% 5115 | -9/Storage | Entered Garrison 5174 | -9/Garrison | Triggered checkpoint 5177 | -9/Garrison | Triggered checkpoint 5177 | -9/Garrison | Triggered checkpoint 5207 | -9/Garrison | Destroyed 7 combat bots 5212 | -9/Garrison | Core integrity fell below 20% 5242 | -9/Garrison | Lost 5 parts (1p2n2w) 5371 | -9/Garrison | Discovered new exit (range 12) 5551 | -9/Garrison | Discovered new exit (range 10) 5581 | -9/Garrison | Installed Relay Interface Framework 5657 | -9/Garrison | Entered Materials 5657 | -8/Materials | Evolved 2 slots: Propulsion x1, Utility x1 6027 | -8/Materials | Repaired Lgt. Treads 6054 | -8/Materials | Repaired Lgt. Treads 6416 | -8/Materials | Discovered new exit (range 14) 7469 | -8/Materials | Discovered new exit (range 7) 7601 | -8/Materials | Build established: Hauler-Tank 7825 | -8/Materials | Identified exit to Garrison 7902 | -8/Materials | Entered Garrison 7996 | -8/Garrison | Triggered checkpoint 8004 | -8/Garrison | Triggered checkpoint 8141 | -8/Garrison | Discovered new exit (range 11) 8188 | -8/Garrison | Triggered checkpoint 8250 | -8/Garrison | Garrison Relay disabled 8334 | -8/Garrison | Triggered checkpoint 8426 | -8/Garrison | Discovered new exit (range 15) 8548 | -8/Garrison | Triggered checkpoint 8575 | -8/Garrison | Build established: Bothacker-Gunner 8586 | -8/Garrison | Garrison Relay disabled 8938 | -8/Garrison | Triggered checkpoint 9001 | -8/Garrison | Discovered new exit (range 11) 9020 | -8/Garrison | Expanded RIF knowledge: Threat Obfuscation 9048 | -8/Garrison | Triggered checkpoint 9071 | -8/Garrison | Garrison Relay disabled 9113 | -8/Garrison | Entered Factory 9113 | -7/Factory | Evolved 2 slots: Propulsion x1, Utility x1 9319 | -7/Factory | Garrison activated, responded to threat 10032 | -7/Factory | Build established: Hauler-Tank 10195 | -7/Factory | P-70 Sage assimilated allied Smith 4a 10319 | -7/Factory | Sucked down chute 10319 | -7/Factory | Entered Waste 10337 | -7/Waste | Build established: Bothacker-Tank 10382 | -7/Waste | Spotted C-40 Crusher 10408 | -7/Waste | Warlord forces began an assault 10419 | -7/Waste | Spotted C-40 Crusher 10419 | -7/Waste | Spotted C-40 Crusher 10422 | -7/Waste | Allies destroyed C-40 Crusher 10427 | -7/Waste | Spotted C-40 Crusher 10429 | -7/Waste | Allies destroyed C-40 Crusher 10434 | -7/Waste | Allies destroyed C-40 Crusher 10436 | -7/Waste | Spotted C-40 Crusher 10451 | -7/Waste | Allies destroyed C-40 Crusher 10452 | -7/Waste | Allies destroyed C-40 Crusher 10516 | -7/Waste | Spotted C-40 Crusher 10527 | -7/Waste | Allies destroyed C-40 Crusher 10532 | -7/Waste | Found Damper Plating 10642 | -7/Waste | Build established: Bothacker-Mutant 10730 | -7/Waste | Discovered new exit (range 12) 10814 | -7/Waste | Entered Factory 10814 | -7/Factory | Accompanied by 12 allies 10847 | -7/Factory | Discovered new exit (range 8) 11045 | -7/Factory | Fabricated M-13 Machinist? 11116 | -7/Factory | Identified exit to Garrison 11160 | -7/Factory | Entered Garrison 11160 | -7/Garrison | Accompanied by 10 allies 11240 | -7/Garrison | Triggered checkpoint 11270 | -7/Garrison | Triggered checkpoint 11288 | -7/Garrison | Build established: Hauler-Tank 11464 | -7/Garrison | Triggered checkpoint 11492 | -7/Garrison | Garrison Relay disabled 11685 | -7/Garrison | Triggered checkpoint 11726 | -7/Garrison | Garrison Relay disabled 11909 | -7/Garrison | Discovered new exit (range 11) 12064 | -7/Garrison | Discovered new exit (range 9) 12083 | -7/Garrison | Expanded RIF knowledge: Patrol Navigation 12130 | -7/Garrison | Triggered checkpoint 12157 | -7/Garrison | Garrison Relay disabled 12349 | -7/Garrison | Discovered new exit (range 8) 12396 | -7/Garrison | Entered Factory 12396 | -6/Factory | Accompanied by 8 allies 12396 | -6/Factory | Evolved 2 slots: Utility x2 12455 | -6/Factory | Build established: Bothacker-Mutant 12746 | -6/Factory | First assault squad dispatched 12788 | -6/Factory | Build established: Bothacker-Tank 12822 | -6/Factory | P-60 Hacker assimilated allied 3L-8D2(b) 12824 | -6/Factory | P-60 Hacker assimilated allied Soldier 5a 13085 | -6/Factory | Lost 6 parts (2n2u2w) 13447 | -6/Factory | Garrison activated, responded to threat 13457 | -6/Factory | Identified exit to Garrison 13457 | -6/Factory | Entered Garrison 13704 | -6/Garrison | Lost 5 parts (2n1u2w) 13740 | -6/Garrison | Triggered checkpoint 13758 | -6/Garrison | Triggered checkpoint 13846 | -6/Garrison | Core integrity fell below 50% 13869 | -6/Garrison | Destroyed 7 combat bots 13875 | -6/Garrison | Lost 8 parts (2n3u3w) 14030 | -6/Garrison | Triggered checkpoint 14043 | -6/Garrison | Discovered new exit (range 10) 14218 | -6/Garrison | Discovered new exit (range 15) 14254 | -6/Garrison | Build established: Bothacker-Gunner 14262 | -6/Garrison | Expanded RIF knowledge: Robot Detection 14433 | -6/Garrison | Found Launcher Loader 14910 | -6/Garrison | Triggered checkpoint 15080 | -6/Garrison | Garrison Relay disabled 15531 | -6/Garrison | Discovered new exit (range 12) 15678 | -6/Garrison | Triggered checkpoint 15715 | -6/Garrison | Garrison Relay disabled 15799 | -6/Garrison | Entered Factory 15799 | -5/Factory | Accompanied by 2 allies 15799 | -5/Factory | Evolved 2 slots: Power x1, Utility x1 15839 | -5/Factory | Build established: Bothacker-Mutant 15926 | -5/Factory | Garrison activated, responded to threat 16208 | -5/Factory | Identified exit to Garrison 16212 | -5/Factory | Entered Garrison 16221 | -5/Garrison | Expanded RIF knowledge: Alert ID Control 16274 | -5/Garrison | Triggered checkpoint 16314 | -5/Garrison | Garrison Relay disabled 16394 | -5/Garrison | Spotted B-75 Beast 16412 | -5/Garrison | Triggered checkpoint 16413 | -5/Garrison | Triggered checkpoint 16443 | -5/Garrison | Triggered checkpoint 16952 | -5/Garrison | Triggered checkpoint 16990 | -5/Garrison | Garrison Relay disabled 17079 | -5/Garrison | Discovered new exit (range 10) 17239 | -5/Garrison | Discovered new exit (range 8) 17260 | -5/Garrison | Triggered checkpoint 17316 | -5/Garrison | Garrison Relay disabled 17630 | -5/Garrison | Triggered checkpoint 17737 | -5/Garrison | Garrison Relay disabled 17808 | -5/Garrison | Discovered new exit (range 12) 17838 | -5/Garrison | Entered Factory 17838 | -4/Factory | Accompanied by 2 allies 17838 | -4/Factory | Evolved 2 slots: Utility x2 18052 | -4/Factory | Found Prototype Processor 18052 | -4/Factory | Identified Exp. Melee Analysis Suite 18395 | -4/Factory | Build established: Botlord-Mutant 18494 | -4/Factory | Destroyed 7 combat bots 18784 | -4/Factory | Garrison activated, responded to threat 19044 | -4/Factory | Identified exit to Garrison 19047 | -4/Factory | Entered Garrison 19047 | -4/Garrison | Accompanied by 2 allies 19084 | -4/Garrison | Triggered checkpoint 19163 | -4/Garrison | Garrison Relay disabled 19257 | -4/Garrison | Spotted B-86 Titan 19258 | -4/Garrison | Triggered checkpoint 19283 | -4/Garrison | Triggered checkpoint 19285 | -4/Garrison | Destroyed B-86 Titan 19335 | -4/Garrison | Destroyed 8 combat bots 19335 | -4/Garrison | Lost 4 parts (1n1u2w) 19350 | -4/Garrison | Found Hvy. Reflective Plating 19446 | -4/Garrison | Triggered checkpoint 19532 | -4/Garrison | Triggered checkpoint 19546 | -4/Garrison | Build established: Bothacker-Mutant 19597 | -4/Garrison | Garrison Relay disabled 19662 | -4/Garrison | Triggered checkpoint 19812 | -4/Garrison | Discovered new exit (range 10) 19907 | -4/Garrison | Build established: Botlord-Mutant 19980 | -4/Garrison | Triggered checkpoint 20017 | -4/Garrison | Garrison Relay disabled 20083 | -4/Garrison | Discovered new exit (range 12) 20109 | -4/Garrison | Expanded RIF knowledge: Coupler Efficiency 20251 | -4/Garrison | Discovered new exit (range 10) 20278 | -4/Garrison | Entered Research 20278 | -3/Research | Accompanied by 4 allies 20278 | -3/Research | Evolved 2 slots: Utility x2 21205 | -3/Research | Garrison activated, responded to threat 21239 | -3/Research | Garrison activated, responded to threat 21591 | -3/Research | Identified exit to Armory 21591 | -3/Research | Identified exit to Testing 21668 | -3/Research | Spotted B-86 Titan 21756 | -3/Research | Identified exit to Garrison 21756 | -3/Research | Entered Garrison 21804 | -3/Garrison | Triggered checkpoint 21851 | -3/Garrison | Garrison Relay disabled 21939 | -3/Garrison | Triggered checkpoint 21953 | -3/Garrison | Triggered checkpoint 21959 | -3/Garrison | Spotted B-86 Titan 22026 | -3/Garrison | Destroyed 7 combat bots 22153 | -3/Garrison | Destroyed B-86 Titan 22194 | -3/Garrison | Found Hvy. Reflective Plating 22201 | -3/Garrison | Triggered checkpoint 22277 | -3/Garrison | Triggered checkpoint 22435 | -3/Garrison | Lost 3 parts (1u2w) 22702 | -3/Garrison | Discovered new exit (range 13) 22754 | -3/Garrison | Triggered checkpoint 22858 | -3/Garrison | Garrison Relay disabled 23598 | -3/Garrison | Discovered new exit (range 12) 23630 | -3/Garrison | Expanded RIF knowledge: Program Shield 23676 | -3/Garrison | Triggered checkpoint 23706 | -3/Garrison | Garrison Relay disabled 24713 | -3/Garrison | Discovered new exit (range 10) 25068 | -3/Garrison | Entered Research 25068 | -2/Research | Accompanied by 9 allies 25068 | -2/Research | Evolved 2 slots: Propulsion x1, Utility x1 25159 | -2/Research | Spotted B-90 Cyclops 25486 | -2/Research | System corruption reached 10% 25638 | -2/Research | Garrison activated, responded to threat 25742 | -2/Research | Identified exit to Quarantine 26299 | -2/Research | Entered Quarantine 26299 | -2/Quarantine | Accompanied by 1 ally 26573 | -2/Quarantine | Found Alien Energy Cannon 26573 | -2/Quarantine | Identified Core Cannon 26617 | -2/Quarantine | Cryocooling Duct disabled 26632 | -2/Quarantine | Ambient heat levels rising (+20) 26632 | -2/Quarantine | Non-combat units ordered to evacuate 26706 | -2/Quarantine | Found Alien Slashing Weapon 26706 | -2/Quarantine | Identified Sigix Broadsword 26794 | -2/Quarantine | Found Alien Artifact 26803 | -2/Quarantine | Found Alien Artifact 27100 | -2/Quarantine | Cryocooling Duct disabled 27115 | -2/Quarantine | Ambient heat levels rising (+20) 27115 | -2/Quarantine | Combat units ordered to evacuate 27142 | -2/Quarantine | Met incapacitated Sigix Warrior 27142 | -2/Quarantine | Lockdown squad dispatched 27215 | -2/Quarantine | Quarantine Guard activated 27236 | -2/Quarantine | Spotted Quarantine Guard 27236 | -2/Quarantine | Spotted Quarantine Guard 27246 | -2/Quarantine | Spotted Quarantine Guard 27249 | -2/Quarantine | Spotted Quarantine Guard 27249 | -2/Quarantine | Spotted Quarantine Guard 27252 | -2/Quarantine | Spotted Quarantine Guard 27264 | -2/Quarantine | Destroyed Quarantine Guard 27270 | -2/Quarantine | Destroyed Quarantine Guard 27285 | -2/Quarantine | Spotted Quarantine Guard 27287 | -2/Quarantine | Spotted Quarantine Guard 27289 | -2/Quarantine | Spotted Quarantine Guard 27294 | -2/Quarantine | Spotted Quarantine Guard 27297 | -2/Quarantine | Identified Dimensional Node Initializer 27297 | -2/Quarantine | Initialized slip node 27299 | -2/Quarantine | Destroyed Quarantine Guard 27299 | -2/Quarantine | Identified Hpw. Transdimensional Reconstructor 27299 | -2/Quarantine | Warped through subspace 27300 | -2/Quarantine | Core integrity fell below 50% 27330 | -2/Quarantine | Lost 11 parts (2p3n3u3w) 27415 | -2/Quarantine | Found Alien Artifact 27458 | -2/Quarantine | Found Alien Artifact 27498 | -2/Quarantine | Identified Phase Redirector 27498 | -2/Quarantine | Identified Matter Drive 27576 | -2/Quarantine | Destroyed Quarantine Guard 27622 | -2/Quarantine | Destroyed Quarantine Guard 27829 | -2/Quarantine | Found Prototype Launcher 27829 | -2/Quarantine | Identified Com. Tesla Bomb Launcher 27833 | -2/Quarantine | Found Com. Tesla Bomb Launcher 27851 | -2/Quarantine | Destroyed Quarantine Guard 27870 | -2/Quarantine | Build established: Botlord-Tank 27887 | -2/Quarantine | Found Alien Artifact 27898 | -2/Quarantine | Discovered new exit (range 15) 27898 | -2/Quarantine | Spotted Quarantine Guard 27904 | -2/Quarantine | Destroyed Quarantine Guard 27926 | -2/Quarantine | Found Alien Artifact 28094 | -2/Quarantine | Cryocooling Duct disabled 28109 | -2/Quarantine | Ambient heat levels rising (+20) 28210 | -2/Quarantine | Destroyed Quarantine Guard 28228 | -2/Quarantine | Cryocooling Duct disabled 28233 | -2/Quarantine | Cryocooling Duct disabled 28243 | -2/Quarantine | Ambient heat levels rising (+20) 28248 | -2/Quarantine | Ambient heat levels rising (+20) 28416 | -2/Quarantine | Found Alien Artifact 28553 | -2/Quarantine | Identified Phase Armor 28553 | -2/Quarantine | Identified Core Reset Matrix 28553 | -2/Quarantine | Identified Subatomic Replicator 28648 | -2/Quarantine | Found Hpw. Transdimensional Reconstructor 28655 | -2/Quarantine | Found Dimensional Node Initializer 28688 | -2/Quarantine | Destroyed Quarantine Guard 29134 | -2/Quarantine | Spotted Quarantine Guard 29140 | -2/Quarantine | Destroyed Quarantine Guard 29536 | -2/Quarantine | Found Alien Impact Weapon 29536 | -2/Quarantine | Identified Core Stripper 29586 | -2/Quarantine | Spotted Fortress 29623 | -2/Quarantine | Destroyed Fortress 29630 | -2/Quarantine | Found Prototype Reactor 29630 | -2/Quarantine | Identified Vortex Chain Reactor 29648 | -2/Quarantine | Found Vortex Chain Reactor 29652 | -2/Quarantine | Found Prototype Protection 29652 | -2/Quarantine | Identified Centrium Heavy Armor Plating 29664 | -2/Quarantine | Found Prototype Device 29664 | -2/Quarantine | Identified Thermal Barrier 29674 | -2/Quarantine | Found Prototype Device 29674 | -2/Quarantine | Identified Exp. Force Field 29681 | -2/Quarantine | Found Prototype Device 29681 | -2/Quarantine | Identified EM Dispersion Field 29841 | -2/Quarantine | Build established: Botlord-Mutant 29926 | -2/Quarantine | Found Alien Artifact 30015 | -2/Quarantine | Identified Stasis Generator 30133 | -2/Quarantine | Found Alien Launcher 31603 | -2/Quarantine | Discovered new exit (range 6) 31611 | -2/Quarantine | Entered Section 7 31761 | -2/Section 7 | Spotted S7 Guard 31798 | -2/Section 7 | Destroyed S7 Guard 31837 | -2/Section 7 | Found Core Membrane 31837 | -2/Section 7 | Installed Core Membrane, gained immunity to corruption 31912 | -2/Section 7 | Spotted B-90 Cyclops 32395 | -2/Section 7 | First assault squad dispatched 32646 | -2/Section 7 | P-80 Master assimilated allied Smith 9a 33164 | -2/Section 7 | Found Alien Artifact 33164 | -2/Section 7 | Identified Integrated Dissipator 33164 | -2/Section 7 | Installed Integrated Dissipator, increased core heat dissipation (+20) 33258 | -2/Section 7 | Warped through subspace 34154 | -2/Section 7 | Spotted S7 Guard 34179 | -2/Section 7 | Used Subatomic Replicator to replicate Integrated Singularity Reactor 34180 | -2/Section 7 | Found Integrated Singularity Reactor 34180 | -2/Section 7 | Installed Integrated Singularity Reactor, increased core energy generation (+20) 34184 | -2/Section 7 | Installed Integrated Singularity Reactor, increased core energy generation (+20) 34565 | -2/Section 7 | Discovered new exit (range 15) 34573 | -2/Section 7 | Spotted S7 Guard 34632 | -2/Section 7 | Lost 4 parts (1n3u) 34744 | -2/Section 7 | Core integrity fell below 20% 34768 | -2/Section 7 | Destroyed S7 Guard 34794 | -2/Section 7 | Found Core Regenerator 34794 | -2/Section 7 | Used Core Regenerator, restored core integrity (+362) 34825 | -2/Section 7 | Found Integrity Redistributor 34862 | -2/Section 7 | Initialized slip node 35104 | -2/Section 7 | Found Integrated Dissipator 35104 | -2/Section 7 | Installed Integrated Dissipator, increased core heat dissipation (+20) 35197 | -2/Section 7 | Used Integrity Redistributor, redistributed integrity to core (+183) 35198 | -2/Section 7 | Found Integrity Redistributor 35198 | -2/Section 7 | Used Integrity Redistributor, redistributed integrity from core (-401) 35255 | -2/Section 7 | Spotted Executioner 35258 | -2/Section 7 | Destroyed Executioner 35259 | -2/Section 7 | Spotted Executioner 35267 | -2/Section 7 | Destroyed Executioner 35366 | -2/Section 7 | Found Adv. Kinecellerator 35444 | -2/Section 7 | Found Matter Drive 35458 | -2/Section 7 | Found Matter Drive 35505 | -2/Section 7 | Found Alien Artifact 35639 | -2/Section 7 | Spotted Striker 35639 | -2/Section 7 | Spotted Striker 35685 | -2/Section 7 | Spotted Executioner 35685 | -2/Section 7 | Spotted Executioner 35702 | -2/Section 7 | Destroyed Executioner 35729 | -2/Section 7 | Destroyed Executioner 36274 | -2/Section 7 | Found Alien Artifact 36274 | -2/Section 7 | Identified Integrated Reactor 36274 | -2/Section 7 | Installed Integrated Reactor, increased core energy generation (+10) 36277 | -2/Section 7 | Found Integrated Reactor 36277 | -2/Section 7 | Installed Integrated Reactor, increased core energy generation (+10) 36283 | -2/Section 7 | Found Integrated Reactor 36283 | -2/Section 7 | Installed Integrated Reactor, increased core energy generation (+10) 36352 | -2/Section 7 | Found Alien Artifact 36352 | -2/Section 7 | Identified LRC Storage 36352 | -2/Section 7 | Installed LRC Storage, increased inventory capacity (+2) 36362 | -2/Section 7 | Found Alien Artifact 36362 | -2/Section 7 | Identified LRC Armor 36362 | -2/Section 7 | Installed LRC Armor, increased core integrity (+250) 36402 | -2/Section 7 | Identified Terrabomb 36402 | -2/Section 7 | Used Terrabomb 36423 | -2/Section 7 | Build established: Scavenger-Mutant 36435 | -2/Section 7 | Scanned by Researcher 36436 | -2/Section 7 | Intercept squad dispatched 36451 | -2/Section 7 | Spotted Tracker 36451 | -2/Section 7 | Spotted Tracker 36477 | -2/Section 7 | Destroyed Tracker 36496 | -2/Section 7 | Spotted Combat Programmer 36498 | -2/Section 7 | Spotted Combat Programmer 36518 | -2/Section 7 | Destroyed Tracker 36518 | -2/Section 7 | Destroyed Combat Programmer 36540 | -2/Section 7 | Destroyed Combat Programmer 36594 | -2/Section 7 | Found Prototype Processor 36594 | -2/Section 7 | Identified Exp. Targeting Computer 36763 | -2/Section 7 | Found Alien Artifact 36803 | -2/Section 7 | Found Matter Drive 37049 | -2/Section 7 | Spotted Alpha 7 37054 | -2/Section 7 | Spotted Alpha 7 37195 | -2/Section 7 | Destroyed 10 combat bots 37241 | -2/Section 7 | Intercept squad dispatched 37245 | -2/Section 7 | Spotted Tracker 37267 | -2/Section 7 | Spotted Tracker 37267 | -2/Section 7 | Spotted Combat Programmer 37277 | -2/Section 7 | Identified Transdimensional Reconstructor 37277 | -2/Section 7 | Warped through subspace to slip node 37296 | -2/Section 7 | Entered Access 37296 | -1/Access | Evolved 2 slots: Propulsion x1, Weapon x1 37306 | -1/Access | Lost 4 parts (1p2n1w) 37546 | -1/Access | First assault squad dispatched 37816 | -1/Access | Spotted B-99 Colossus 37961 | -1/Access | Released all parts (10) 37986 | -1/Access | Core integrity fell below 50% 37992 | -1/Access | Lost 12 parts (3p5n2u2w) 38022 | -1/Access | Identified Sigix Terminator 38023 | -1/Access | Fired Sigix Terminator 38023 | -1/Access | Destroyed self via exploding Wave Collapse Detector Last Messages --------------- 38009_ Field strength at 45. 38010_ Field strength at 34. 38011_ Field strength at 23. 38012_ Field strength at 12. 38013_ Field strength at 1. 38014_ Stasis field depleted. 38022_ Identified Sigix Terminator. 38023_ Sigix Terminator expended. 38023_ Destroyed Unknown Ballistic Gun. 38023_ Destroyed Unknown Flight Unit. 38023_ Destroyed Lgt. Antimatter Reactor. 38023_ Destroyed Unknown Flight Unit. 38023_ S-43 Plague destroyed. 38023_ Destroyed Unknown Flight Unit. 38023_ Destroyed Lgt. Antimatter Reactor. 38023_ Destroyed Unknown Flight Unit. 38023_ S-43 Plague destroyed. 38023_ Q-thruster destroyed. 38023_ Destroyed Q-thruster. 38023_ Wave Collapse Detector explodes. Map ----- +----------------------------------------------------+ | | | | | | | | | | | | | ???????????????????????????????????????????? | | ???????????????????????????????????????????? | | ???????????????????????????????????????????? | | #??????????????????????????????????????????? | | ???????????????????????????????????????????? | | ???????????????????????????????????????????? | | ???????????????????????????????????????????? | | ????????###+####################???????????? | | ????????# + = #???????????? | | ????????# ##### ! #???????????? | | ????????# #???# #???????????? | | ######### #???# #???????????? | | + #???# #???????????? | | # #???# #???????????? | | " # #???# R #???????????? | | """ + #???# #???????????? | | """ # ##### #####???????? | | " # ## ; ; ###?????? | | # ; ; ;;;;;;;#????? | | # ; ; @ ; ; #??? | | +######## ; ;;;;;;;;;;;;;;;;;;; ; ??? | | ?????# ; ; ; ; ; ??? | | ????# ; ; ; ; ; ???? | | #???# ; ; ; ; ; ???? | | "" #???# ; ; ;;;;;;;;;;????? | | "" #???# ; ; ; ????? | | #???# ; ; ; ????? | | #???# ;;;;;;;; ; ?????? | | #####??? ; ?????? | | ????????? ; ??????? | | ????????? ? ; ??????? | | ???????????????? ; ????????? | | ?????????????????? ; ??????????? | | ????????????????????? ;?????????????? | | ??????????????????????? ???????????????? | | ???????????????????????????????????????????? | | ???????????????????????????????????????????? | | ???????????????????????????????????????????? | | ???????????????????????????????????????????? | | ???????????????????????????????????????????? | | ???????????????????????????????????????????? | | ???????????????????????????????????????????? | | ???????????????????????????????????????????? | | ???????????????????????????????????????????? | +----------------------------------------------------+ Best States ------------- Heat Dissipation 149 Coolant Potential 120 Energy Generation 127 Energy Capacity 1200 Matter Stores 300 Matter Capacity 400 Sight Range 16 Terrain Scan Density 10 Jamming Range 16 Power Amplification 20 Armor Coverage 2400 Resistance: TH 25 Resistance: EM 90 Utility Shielding 66 Weapon Shielding 66 Phase Shifting 15 Evasion (%) 62 Targeting Accuracy 20 Launcher Accuracy 40 Target Analysis 8 Core Analysis 8 Armor Integrity Analysis 66 Recoil Reduction 5 Kinecelleration 50 Offensive Hacking 14 Relay Coupler Types 110 Relay Coupler Value 4 Item Schematics ----------------- Lrn. Sensor Array | -9/Storage | Hacked Lrn. Tractor Beam | -8/Materials | Scanalyzed Hrd. Medium Armor Plating | -8/Materials | Hacked Arm. Treads | -8/Materials | Scanalyzed Adv. Remote Datajack | -2/Quarantine | Scanalyzed Robot Schematics ------------------ M-13 Machinist | -10/Materials | Hacked O-16 Technician | -9/Materials | Hacked Fabricated ------------ M-13 Machinist | x1 | -7/Factory Alien Tech Used ----------------- Core Cannon Sigix Broadsword Dimensional Node Initializer High-powered Transdimensional Reconstructor Phase Redirector Core Stripper Core Membrane Integrated Dissipator Subatomic Replicator Integrated Singularity Reactor Core Regenerator Integrity Redistributor Matter Drive Integrated Reactor LRC Storage LRC Armor Terrabomb Transdimensional Reconstructor Sigix Terminator Achievements -------------- Artifact Hunter Challenges ------------ None Game ------ Seed MinesnifferHardlightNegator Manual? 0 Play Time 05:39:16 Cumulative 564.5 hours Start 2021.06.06 @ 19:38:20 End 2021.06.07 @ 16:53:07 Sessions 1 Manual Loads 0 Difficulty Rogue Special Mode None Game No. 350 Rogue 350 Adventurer 0 Explorer 0 Win Type - Total 6 Types 4/0/1/0/1/0/0/0/0 Lore% 88 Gallery% 89 Achievement% 70 Wizard Run 0 Options --------- ASCII 0 Keyboard 0 Movement Mouse Keybinds 1 Fullscreen 2 Font 24/Smallcaps Map View 76x50 Tactical HUD 1 Map Filters NONE Filters NONE Steam X RUN: 69092e0f-7884-4f91-8563-676122df2e7d